 Dungeon Crawl Stone Soup version 0.24-a0-778-g74da537 (webtiles) character file.

Game seed: 14637602160554489482, levelgen mode: deterministic

7643 BoppinsLewinski the Spear-Bearer (level 10, -12/86 (88) HPs)
             Began as a Centaur Gladiator on Oct 7, 2019.
             Was an Initiate of Gozag.
             Mangled by a death ooze (21 damage)
             ... in a Gauntlet.
             The game lasted 00:25:43 (9010 turns).

BoppinsLewinski the Spear-Bearer (CeGl)             Turns: 9010, Time: 00:25:43

HP:   -12/86 (88)   AC: 13    Str: 20    XL:     10   Next: 99%
MP:   10/10         EV:  8    Int:  7    God:    Gozag
Gold: 1243          SH:  0    Dex: 11    Spells: 9/9 levels left

rFire    x . .     SeeInvis +   t - +0 glaive
rCold    + . .     Gourm    .   (shield currently unavailable)
rNeg     . . .     Faith    .   e - +0 chain mail
rPois    .         Spirit   .   c - +0 helmet
rElec    .         Reflect  .   (no cloak)
rCorr    .         Harm     .   p - +2 pair of gloves
MR       .....     NoTele   +   (no barding)
Stlth    ..........             y - amulet of regeneration
HPRegen  0.64/turn              E - ring of ice
MPRegen  0.12/turn              g - ring of see invisible

@: very quick
A: large, hooves 3, deformed body, speed 2, tough skin 3
a: Potion Petition, Call Merchant, Bribe Branch, Renounce Religion


You were in a Gauntlet.
You worshipped Gozag.
Gozag was most pleased with you.
You were very hungry.

You visited 2 branches of the dungeon, and saw 10 of its levels.
You also visited: Gauntlet.

You collected 1626 gold pieces.
You spent 91 gold pieces at shops.
You paid 292 gold pieces to Gozag.

Inventory:

Hand Weapons
 a - a +0 trident
 t - a +0 glaive (weapon)
Missiles
 d - 3 throwing nets (quivered)
Armour
 c - a +0 helmet (worn)
 e - a +0 chain mail (worn)
 p - a +2 pair of gloves (worn)
Jewellery
 g - a ring of see invisible (right hand)
 n - an uncursed ring of positive energy
 y - an amulet of regeneration (around neck)
 E - a ring of ice (left hand)
Wands
 j - a wand of digging (5)
 D - a wand of iceblast (7)
Scrolls
 b - 3 scrolls of fog
 i - a scroll of random uselessness {unknown}
 l - 3 scrolls of remove curse {unknown}
 q - 2 scrolls of blinking {unknown}
 s - 2 scrolls of amnesia {unknown}
 u - 2 scrolls of immolation {unknown}
 v - a scroll of torment {unknown}
 w - 2 scrolls of fear {unknown}
 A - a scroll of enchant weapon {unknown}
 C - a scroll of teleportation {unknown}
Potions
 h - 3 potions of curing
 k - 3 potions of heal wounds
 m - a potion of lignification
 o - a potion of magic
 r - 2 potions of brilliance
 x - 2 potions of flight
Miscellaneous
 z - a phial of floods
 F - a box of beasts
Comestibles
 f - 11 rations


   Skills:
 + Level 7.9 Fighting
 * Level 10.2 Polearms
 - Level 2.1 Throwing
 + Level 5.6 Armour
 + Level 6.2 Dodging


You had 9 spell levels left.
You didn't know any spells.
Your spell library was empty.

Dungeon Overview and Level Annotations

Branches:
Dungeon (9/15)             Temple (0/1) D:7            Lair (1/6) D:9
    Orc (0/2) D:9         Gauntlet (1/1)

Altars:
Ashenzari
Cheibriados
Fedhas
Gozag
Kikubaaqudgha
Makhleb
Nemelex Xobeh
Okawaru
Qazlal
Ru

Shops:
D:4 ?   D:7 [   D:8 (

Annotations:
Gauntlet 8 transporters, 3 runed translucent doors


Innate Abilities, Weirdness & Mutations

You have hooves in place of feet.
Armour fits poorly on your strangely shaped body.
You cover ground very quickly.
You have extremely tough skin. (AC +3)


Message History

Thar be a transporter 'ere.
Ye enter tha transporter an' appear at anuthar place.
Tha death ooze hits ye! x2
Ye hit tha death ooze.
Tha death ooze be lightly damaged.
Tha death ooze hits ye.
Tha death ooze barely misses ye.
Tha death ooze hits ye.
Ye feel yer flesh rottin' away!
Tha death ooze hits ye!
Unknown command.
Tha hell hound barks!
Ye slash tha death ooze!
Ye kick tha death ooze!
Tha death ooze be heavily damaged.
Tha death ooze barely misses ye.
Tha death ooze hits ye.
Ye slice tha death ooze!!
Tha death ooze be almost destroyed.
Tha death ooze hits ye!!
Ye feel yer flesh rottin' away!
Tha death ooze hits ye!
Tha death ooze hits ye!!
* * * LOW HITPOINT WARNIN'
* * * Tha death ooze hits ye!!
Ye die...
Yer body crumbles inta a pile o' gold.

##≈.#.....#.#.#^......#.≈
#≈≈.#.##..#.#.#.#####.#.≈
##≈.##..##..#.#.+...+.#.≈
##.##..©..##.#.#.©.#.#.#
##≈.#..##..##.#.#≈≈≈#.#.≈
#≈≈.#.#..##.#.#.#####.#.≈
##≈.#.#.©...#.#...©[!^#.≈
##.###################.#
##≈....#@J........©#....≈
#≈≈..8.#.8.8.8.8.8.#.8..≈
##≈....#©.........©#....≈
##.#########.#########.#
##≈.#...s...#.##h#b#b##.≈
#≈≈.####.####.#b#.#h#b#.≈
##≈.#s.#.#..#.##.#.#b##.≈
##.#.##©##.###h#.#©#b#.#
##≈.#.#...#.#.##.#t#.##.≈


You could see a death ooze, a jumping spider, a hell hound and a fire bat.

Vanquished Creatures
  A two-headed ogre (D:8)
  A rime drake (Lair:1)
  A spiny frog (Lair:1)
  A troll (D:9)
  2 hippogriffs
  8 yaks (D:9)
  A basilisk (D:9)
  Duvessa (D:7)
  4 porcupines (D:9)
  2 orc warriors
  A sky beast (D:7)
  A necrophage (D:7)
  3 ice beasts
  6 ogres
  A phantom (D:9)
  4 crocodiles
  2 wolves (Gauntlet)
  2 centaurs
  8 big kobolds
  3 bullfrogs
  2 gnoll sergeants
  Dowan (D:7)
  3 scorpions
  3 killer bees (D:9)
  4 howler monkeys
  4 crimson imps
  3 bullfrog zombies
  4 jellies
  3 hounds
  A bullfrog skeleton (D:5)
  3 worker ants
  A hound zombie (D:5)
  A worker ant zombie (D:5)
  7 gnolls
  9 adders
  7 oozes
  3 adder skeletons
  3 worms
  3 dart slugs
  6 leopard geckos
  20 orcs
  4 bats
  6 giant cockroaches
  9 goblins
  2 hobgoblins
  11 jackals
  17 kobolds
  3 quokkas
  2 ball pythons
  9 frilled lizards
  A jackal skeleton (D:3)
  A leopard gecko zombie (D:5)
  7 rats
216 creatures vanquished.

Vanquished Creatures (others)
  7 plants (D:9)
7 creatures vanquished.

Grand Total: 223 creatures vanquished

Notes
Turn   | Place    | Note
-------+----------+-------------------------------------------
     0 | D:1      | BoppinsLewinski the Centaur Gladiator began the quest for
                  | the Orb.
     0 | D:1      | Reached XP level 1. HP: 17/17 MP: 1/1
   135 | D:1      | Reached XP level 2. HP: 23/24 MP: 2/2
   145 | D:1      | Reached skill level 3 in Polearms
   470 | D:1      | Reached XP level 3. HP: 29/30 MP: 3/3
  1090 | D:2      | Reached skill level 1 in Armour
  1205 | D:2      | Reached XP level 4. HP: 37/37 MP: 4/4
  1545 | D:3      | Found a sparkling altar of Nemelex Xobeh.
  1738 | D:3      | Reached XP level 5. HP: 45/45 MP: 5/5
  1887 | D:3      | Found a faded altar of an unknown god.
  2068 | D:4      | Noticed an ogre
  2150 | D:4      | Killed an ogre
  2150 | D:4      | Reached skill level 4 in Polearms
  2326 | D:4      | Reached XP level 6. HP: 51/51 MP: 6/6
  2332 | D:4      | Found Jeocush's Magic Scroll Shoppe.
  2476 | D:4      | Found a sacrificial altar of Ru.
  2476 | D:4      | Found an ancient bone altar of Kikubaaqudgha.
  2476 | D:4      | Found an iron altar of Okawaru.
  2477 | D:4      | Found a snail-covered altar of Cheibriados.
  2709 | D:4      | Found an opulent altar of Gozag.
  2717 | D:4      | Became a worshipper of Gozag Ym Sagoz the Greedy
  2822 | D:5      | Entered Level 5 of the Dungeon
  2822 | D:5      | Noticed an ice beast
  2885 | D:4      | Killed an ice beast
  2989 | D:5      | Reached skill level 5 in Polearms
  3026 | D:5      | Reached XP level 7. HP: 31/58 MP: 7/7
  3189 | D:5      | You fall into a shaft and drop 1 floor!
  3312 | D:6      | Found a stormy altar of Qazlal.
  3541 | D:6      | Found a burning altar of Makhleb.
  4038 | D:5      | Found a shattered altar of Ashenzari.
  4038 | D:5      | Found a blossoming altar of Fedhas.
  4482 | D:7      | Found Jawagg's Armour Shoppe.
  4645 | D:7      | Reached skill level 6 in Polearms
  4645 | D:7      | Reached XP level 8. HP: 61/67 MP: 8/8
  4810 | D:7      | Found a staircase to the Ecumenical Temple.
  4857 | D:7      | Reached skill level 5 in Fighting
  4872 | D:7      | Noticed a hippogriff
  4881 | D:7      | Killed a hippogriff
  4881 | D:7      | Reached skill level 7 in Polearms
  4993 | D:7      | Noticed Dowan
  4999 | D:7      | Noticed Duvessa
  5009 | D:7      | Killed Duvessa
  5020 | D:7      | Killed Dowan
  5478 | D:8      | Reached XP level 9. HP: 67/74 MP: 9/9
  5873 | D:8      | Noticed a two-headed ogre
  5957 | D:8      | Found Foorit's Weapon Boutique.
  5975 | D:8      | Killed a two-headed ogre
  5975 | D:8      | Reached skill level 8 in Polearms
  5975 | D:8      | Reached skill level 5 in Dodging
  5990 | D:8      | Bought a +0 glaive for 91 gold pieces
  6578 | D:9      | Found a staircase to the Orcish Mines.
  6578 | D:9      | Noticed a troll
  7085 | D:9      | Reached XP level 10. HP: 73/84 MP: 10/10
  7261 | D:9      | Reached skill level 9 in Polearms
  7284 | D:9      | Reached skill level 5 in Armour
  7414 | D:9      | Found a staircase to the Lair.
  8358 | Lair:1   | Entered Level 1 of the Lair of Beasts
  8373 | Lair:1   | Reached skill level 10 in Polearms
  8436 | Lair:1   | Noticed a spiny frog
  8443 | Lair:1   | Killed a spiny frog
  8657 | Lair:1   | Found a gate leading to a gauntlet.
  8666 | Gauntlet | Entered a Gauntlet
  8666 | Gauntlet | Found a transporter.
  8666 | Gauntlet | Found a transporter.
  8666 | Gauntlet | Noticed a wizard
  8670 | Gauntlet | Noticed a necromancer
  8674 | Gauntlet | Found a transporter.
  8678 | Gauntlet | Found a transporter.
  8686 | Gauntlet | Found a transporter.
  8690 | Gauntlet | Found a transporter.
  8692 | Gauntlet | Noticed an entropy weaver
  8698 | Gauntlet | Found a transporter.
  8713 | Gauntlet | Noticed a fire crab
  8714 | Gauntlet | Found a transporter.
  8730 | Gauntlet | Found a transporter.
  8733 | Gauntlet | Found a transporter.
  8737 | Gauntlet | Found a runed translucent door.
  8737 | Gauntlet | Found a runed translucent door.
  8741 | Gauntlet | Found a transporter.
  8745 | Gauntlet | Found a transporter.
  8746 | Gauntlet | Found a runed translucent door.
  8983 | Gauntlet | Noticed a death ooze
  8983 | Gauntlet | Noticed a death ooze
  9010 | Gauntlet | Mangled by a death ooze

Levels and vault maps discovered:
D:1:      co_arrival_square_in_a_square_in_a_square, layout_basic,
          hangedman_decor_peaks_small
D:2:      layout_rooms, first_ration, nrook_mini_vaults
D:3:      layout_rooms, nemelex_altar_shiori, chequers_ecumenical_altar_grove
D:4:      layout_loops_ring, grunt_temple_overflow_open,
          lemuel_coloured_pillars_altar, serial_shops, shop_statue, minivault_1,
          minmay_statues_item
D:5:      layout_rooms, gammafunk_temple_overflow_pools
D:6:      layout_rooms, nicolae_overflow_hidden_temple, lemuel_doored_altar
D:7:      layout_loops_ring, minmay_temple_entry_wispy, serial_shops,
          nicolae_shop_statue_plus, uniq_duvessa
D:8:      layout_loops_cross, serial_shops, shop_statue,
          hangedman_little_slice_of_home
D:9:      layout_gridville, minmay_lair_entry_grove,
          kennysheep_orc_monster_closet_entryway
Lair:1:   layout_hall_layers, gauntlet_entry_generic,
          ebering_ghost_disaster_area, grunt_megastairs_5
Gauntlet: minmay_gauntlet_77_indecision [minmay_gauntlet_arena_77_double_cross,
          minmay_gauntlet_arena_77_path, minmay_gauntlet_arena_77_squiggly,
          minmay_gauntlet_arena_77_shame_cube, minmay_gauntlet_arena_77_mirror,
          minmay_gauntlet_arena_77_checkered, gauntlet_exit_spiral]

Skill      XL: |  1  2  3  4  5  6  7  8  9 10 |
---------------+-------------------------------+-----
Polearms       | 3 4 5 6 7 8 10 | 10.2
Armour         | 1 2 3 4 5 |  5.6
Fighting       | 3 4 5 6 7 |  7.9
Dodging        | 3 4 5 6 |  6.2
Throwing       | |  2.1

Action                   |  1- 3 |  4- 6 |  7- 9 | 10-12 || total
-------------------------+-------+-------+-------+-------++-------
Melee: Trident           |   153 |   194 |   315 |       ||   662
       Kick              |    25 |    33 |    74 |    45 ||   177
       Glaive            |       |       |    81 |   201 ||   282
Throw: Throwing net      |       |       |     1 |     1 ||     2
Invok: Potion Petition   |       |       |     1 |     1 ||     2
Evoke: Wand              |       |       |     2 |     5 ||     7
  Use: Scroll            |       |       |     8 |       ||     8
       Potion            |       |       |     4 |     2 ||     6
 Stab: Distracted        |       |       |     2 |     3 ||     5
  Eat: Chunk             |       |     4 |       |       ||     4
       Ration            |       |       |     4 |     1 ||     5
Armor: Chain mail        |    81 |    74 |   153 |   110 ||   418
Dodge: Dodged            |    38 |    40 |    92 |    99 ||   269

Table legend:
 A = Non-vault XP
 B = Vault XP
 C = Vault XP percentage of total XP
 D = Non-vault monster count
 E = Vault monster count
 F = Vault count percentage of total count
                 A         B        C        D         E       F
            +---------+---------+-------+---------+---------+-------
      Total |    6672 |    4247 |  38.9 |     172 |      44 |  20.4
            +---------+---------+-------+---------+---------+-------
        D:1 |      53 |       0 |   0.0 |      31 |       0 |   0.0
        D:2 |      63 |       0 |   0.0 |      20 |       0 |   0.0
        D:3 |      94 |       0 |   0.0 |      25 |       0 |   0.0
        D:4 |     365 |       0 |   0.0 |      15 |       0 |   0.0
        D:5 |     433 |       0 |   0.0 |      14 |       0 |   0.0
        D:6 |     131 |       0 |   0.0 |       5 |       0 |   0.0
        D:7 |    1384 |     232 |  14.4 |      20 |       2 |   9.1
        D:8 |    1554 |     295 |  16.0 |      24 |       9 |  27.3
        D:9 |    1791 |    3488 |  66.1 |      16 |      31 |  66.0
     Lair:1 |     804 |       0 |   0.0 |       2 |       0 |   0.0
   Gauntlet |       0 |     232 | 100.0 |       0 |       2 | 100.0
            +---------+---------+-------+---------+---------+-------
